 Dungeon Crawl Stone Soup version 0.23.1 (webtiles) character file.

Game seed: 4867086090341735884

309 Peloso the Slasher (level 6, -14/53 HPs)
             Began as a Minotaur Fighter on Mar 12, 2019.
             Demolished by Pikel
             ... wielding a +0 whip of electrocution
              (20 damage)
             ... on level 4 of the Dungeon.
             The game lasted 00:07:05 (2193 turns).

Peloso the Slasher (Minotaur Fighter)               Turns: 2193, Time: 00:07:06

Health: -14/53     AC:  9    Str: 21    XL:     6   Next: 17%
Magic:  5/5        EV:  6    Int:  5    God:
Gold:   155        SH: 10    Dex: 11    Spells: 5/5 levels left

rFire    . . .     SeeInvis .   a - +0 long sword
rCold    . . .     Gourm    .   c - +0 shield
rNeg     . . .     Faith    .   h - +0 chain mail
rPois    .         Spirit   .   (helmet restricted)
rElec    .         Reflect  .   (no cloak)
rCorr    .         Harm     .   (no gloves)
MR       .....     Rnd*Tele +   (no boots)
Stlth    ..........             (no amulet)
HPRegen  0.17/turn              l - ring of teleportation (curse)
MPRegen  0.09/turn              (no ring)

@: no status effects
A: retaliatory headbutt, horns 2
a: no special abilities


You were on level 4 of the Dungeon.
You were hungry.

You visited 1 branch of the dungeon, and saw 4 of its levels.

You collected 155 gold pieces.

Inventory:

Hand Weapons
 a - a +0 long sword (weapon)
Armour
 b - a +0 scale mail
 c - a +0 shield (worn)
 h - a +0 chain mail (worn)
Jewellery
 l - a cursed ring of teleportation (left hand)
Scrolls
 e - 5 scrolls of identify {unknown}
 g - 2 scrolls of remove curse {unknown}
 i - 3 scrolls of blinking {unknown}
 k - 3 scrolls of teleportation {unknown}
 m - a scroll of amnesia {unknown}
 o - a scroll of enchant weapon {unknown}
 p - a scroll of random uselessness {unknown}
Potions
 d - a potion of might
 j - a potion of brilliance {unknown}
 n - a potion of resistance {unknown}
Comestibles
 f - 7 rations


   Skills:
 + Level 4.7 Fighting
 + Level 5.2 Long Blades
 + Level 4.7 Armour
 + Level 1.3 Dodging
 + Level 5.0 Shields


You had 5 spell levels left.
You didn't know any spells.
Your spell library was empty.

Dungeon Overview and Level Annotations

Branches:
Dungeon (4/15)
 Temple: D:4-7

Altars:
Nemelex Xobeh

Annotations:
D:4 Pikel


Innate Abilities, Weirdness & Mutations

You reflexively headbutt those who attack you in melee.
You have a pair of horns on your head.


Message History

You hit Pikel. Your headbutt misses Pikel.
Pikel is lightly wounded.
You slash Pikel!
Pikel is moderately wounded.
Pikel hits you but does no damage. x2
You barely miss Pikel.
Pikel is moderately wounded.
Pikel hits you with a +0 whip of electrocution.
You closely miss Pikel.
Pikel is moderately wounded.
Pikel hits you with a +0 whip of electrocution.
You hit Pikel. You headbutt Pikel, but do no damage.
Pikel is moderately wounded.
Pikel says, "You'll feel the lick of my whip!"
Pikel hits you with a +0 whip of electrocution!
* * * LOW HITPOINT WARNING * * *
You are electrocuted!
* * * LOW HITPOINT WARNING * * *
Pikel hits you but does no damage.
You are electrocuted!!
You die...

....#...#..
..#...#...#...# .(#
....#...#...#.....#
..#...#...#...#. .#
...p#...#...#..
#.##
#.#...#...#...#....
##..#...#.(.#..# .#
###..#...#..####=#
###..#...pppK@.#
###....#######
##...# #####


You could see Pikel and 3 slaves.

Vanquished Creatures
  An ice beast (D:4)
  An orc priest (D:3)
  Terence (D:3)
  Robin (D:2)
  8 adders
  A worm (D:3)
  3 dart slugs
  4 leopard geckos
  7 orcs (D:3)
  A ball python (D:3)
  4 giant cockroaches
  13 goblins
  5 hobgoblins
  2 jackals (D:1)
  A quokka (D:2)
  3 bats
  2 frilled lizards
  4 kobolds
  3 rats
65 creatures vanquished.

Notes
Turn   | Place    | Note
-------+----------+-------------------------------------------
     0 | D:1      | Peloso the Minotaur Fighter began the quest for the Orb.
     0 | D:1      | Reached XP level 1. HP: 19/19 MP: 0/0
   208 | D:1      | Reached XP level 2. HP: 25/27 MP: 1/1
   679 | D:2      | Found a faded altar of an unknown god.
   768 | D:2      | Reached XP level 3. HP: 5/33 MP: 2/2
   817 | D:2      | Noticed Robin
   832 | D:2      | Killed Robin
   894 | D:2      | Found a sparkling altar of Nemelex Xobeh.
  1059 | D:2      | Reached XP level 4. HP: 40/40 MP: 3/3
  1337 | D:3      | Reached skill level 1 in Dodging
  1444 | D:3      | Reached XP level 5. HP: 31/47 MP: 4/4
  1592 | D:3      | Noticed Terence
  1608 | D:3      | Killed Terence
  2021 | D:4      | Noticed an ice beast
  2032 | D:4      | Killed an ice beast
  2032 | D:4      | Reached skill level 5 in Long Blades
  2032 | D:4      | Reached skill level 5 in Shields
  2032 | D:4      | Reached XP level 6. HP: 39/53 MP: 5/5
  2165 | D:4      | Noticed Pikel
  2165 | D:4      | Noticed a slave
  2165 | D:4      | Noticed a slave
  2165 | D:4      | Noticed a slave
  2166 | D:4      | Noticed a slave
  2193 | D:4      | Demolished by Pikel

Skill      XL: |  1  2  3  4  5 |
---------------+----------------+-----
Armour         | 4 |  4.7
Fighting       | 4 |  4.7
Long Blades    | 3 4 5 |  5.2
Shields        | 4 5 |  5.0
Dodging        | 1 |  1.3

Action                   |  1- 3 |  4- 6 || total
-------------------------+-------+-------++-------
Melee: Long sword        |    81 |   130 ||   211
       Headbutt          |    12 |    21 ||    33
  Use: Potion            |     1 |       ||     1
  Eat: Chunk             |     1 |     3 ||     4
Armor: Scale mail        |    43 |     4 ||    47
       Chain mail        |       |    57 ||    57
Dodge: Dodged            |    31 |    32 ||    63
Block: Shield            |    63 |    58 ||   121
       Rpst.: Long sword |     9 |    10 ||    19
